 Dungeon Crawl Stone Soup version 0.30-a0-414-gcb316572d5 (webtiles) character file.

Game seed: 3688337267594357925

614 NinjaNoafa the Basher (level 7, -3/57 HPs)
             Began as a Minotaur Fighter on Dec 7, 2022.
             Was an Elder of Trog.
             Slain by a gnoll
             ... wielding a +0 flail
              (7 damage)
             ... on level 4 of the Dungeon.
             The game lasted 00:04:56 (3709 turns).

NinjaNoafa the Basher (Minotaur Fighter)            Turns: 3709, Time: 00:04:56

Health: -3/57      AC:  6    Str: 20    XL:     7   Next: 20%
Magic:  6/6        EV:  5    Int:  5    God:    Trog [****..]
Gold:   145        SH: 12    Dex: 12    Spells: 6/6 levels left

rFire   . . .      SeeInvis .    a - +0 flail
rCold   . . .      Faith    +    p - +0 tower shield
rNeg    . . .      Spirit   .    b - +0 scale mail
rPois   +          Reflect  .    (helmet restricted)
rElec   .          Harm     .    (no cloak)
rCorr   +          Rampage  .    (no gloves)
Will    ++...                    (no boots)
Stlth   ..........               g - amulet of faith
HPRegen 1.29/turn                e - ring of resist corrosion
MPRegen 0.10/turn                t - ring of poison resistance

@: strong-willed, regenerating
A: horns 2, retaliatory headbutt
a: Renounce Religion, Berserk, Trog's Hand, Brothers in Arms


You were on level 4 of the Dungeon.
You worshipped Trog.
Trog was greatly pleased with you.
You visited 1 branch of the dungeon, and saw 4 of its levels.

You collected 145 gold pieces.

Inventory:

Hand Weapons
 a - a +0 flail (weapon)
Missiles
 c - 5 poisoned darts
 i - 29 stones
 k - 2 boomerangs
 m - a throwing net
Armour
 b - a +0 scale mail (worn)
 p - a +0 tower shield (worn)
Jewellery
 e - a ring of resist corrosion (left hand)
 g - an amulet of faith (around neck)
 t - a ring of poison resistance (right hand)
Scrolls
 f - 2 scrolls of amnesia
 h - 3 scrolls of identify {unknown}
 j - 2 scrolls of enchant weapon {unknown}
 o - a scroll of silence {unknown}
 q - a scroll of noise {unknown}
 r - a scroll of fear {unknown}
Potions
 d - a potion of might
 l - 2 potions of lignification {unknown}
 n - a potion of berserk rage {unknown}
 s - a potion of brilliance {unknown}
 u - a potion of heal wounds {unknown}
 v - a potion of degeneration {unknown}


   Skills:
 - Level 3.6 Fighting
 + Level 9.7 Maces & Flails
 - Level 3.6 Armour
 - Level 3.6 Shields


You had 6 spell levels left.
You didn't know any spells.
Your spell library was empty.

Dungeon Overview and Level Annotations

Branches:
Dungeon (4/15)
 Temple: D:4-7

Altars:
Qazlal
Trog


Innate Abilities, Weirdness & Mutations

You have a pair of horns on your head.
You reflexively headbutt those who attack you in melee.


Message History

The gnoll is almost dead.
You block the gnoll's attack. The gnoll completely misses you.
The gnoll hits you but does no damage.
You completely miss the gnoll. You headbutt the gnoll.
The gnoll is heavily wounded.
You block the gnoll's attack. The gnoll hits you with a +0 flail!
The gnoll hits you from afar with a +0 spear.
The gnoll hits you with a +0 whip. The gnoll barely misses you.
You furiously retaliate!
You headbutt the gnoll!
You kill the gnoll!
Trog accepts your kill.
The gnoll hits you from afar with a +0 spear.
The gnoll hits you with a +0 whip. The gnoll barely misses you.
The gnoll hits you from afar with a +0 spear.
* * * LOW HITPOINT WARNING * * *
The gnoll barely misses you.
You see here a +0 spear.
The gnoll attacks as you move away! The gnoll hits you with a +0 flail.
* * * LOW HITPOINT WARNING * * *
The gnoll attacks as you move away! The gnoll hits you but does no damage.
The gnoll attacks as you move away! You block the gnoll's attack.
The gnoll attacks as you move away! The gnoll hits you with a +0 whip.
* * * LOW HITPOINT WARNING * * *
The gnoll attacks as you move away! You block the gnoll's attack.
Okay, then.
Your skin crawls.
You feel strong-willed. The gnoll attacks as you move away!
The gnoll hits you with a +0 flail.
* * * LOW HITPOINT WARNING * * *
The gnoll attacks as you move away! You block the gnoll's attack.
The gnoll hits you with a +0 flail.
* * * LOW HITPOINT WARNING * * *
The gnoll attacks as you move away! You block the gnoll's attack.
The gnoll attacks as you move away! The gnoll hits you with a +0 whip!
* * * LOW HITPOINT WARNING * * *
You see here a hobgoblin corpse.
As you read the scroll labelled WAEWKE FEEPNI, it crumbles to dust.
It is a scroll of amnesia.
You feel forgetful for a moment. The gnoll hits you with a +0 flail!
You die...

#.# #.# ###.# ###.# ..#.# ##....
#### ########## #.#.#######..#.#
...###........####.#.......#.##.#
....##...#......##.#######.#.##.#
.....#)..##.....##.# #...##.#
.....)..g##...gg.#.#######.###...
.....#...####..g@........#.##....
....##...# ######..####.........
...###...# #(./###..# #..#.###.#.
#### #...##.....##..# #..........
#..)#......$#.......#.###.#.
#...'.......#.>####.#)#?#.#.
#...#......:#### #.#.###.#.
#...##....(# #......... .....#
#!.$## #.#.###.#.


You could see 3 gnolls.

Vanquished Creatures
  Menkaure (D:4)
  A necrophage (D:4)
  2 hounds (D:4)
  A jelly (D:4)
  An iguana (D:4)
  An orc wizard (D:3)
  9 gnolls
  12 adders
  3 worms
  A dart slug (D:1)
  7 orcs
  6 ball pythons
  13 endoplasms
  6 giant cockroaches
  10 goblins
  6 hobgoblins
  5 jackals
  2 quokkas
  3 bats
  A frilled lizard (D:2)
  10 kobolds
  5 rats
  A spectral hobgoblin (D:1)
107 creatures vanquished.

Notes
Turn   | Place    | Note
-------+----------+-------------------------------------------
     0 | D:1      | NinjaNoafa the Minotaur Fighter began the quest for the
                  | Orb.
     0 | D:1      | Reached XP level 1. HP: 19/19 MP: 0/0
    73 | D:1      | Reached skill level 3 in Maces & Flails
   215 | D:1      | Found a faded altar of an unknown god.
   224 | D:1      | Prayed at the altar of an unknown god.
   224 | D:1      | Became a worshipper of Trog the Wrathful
   224 | D:1      | Reached * piety under Trog
   341 | D:1      | Reached XP level 2. HP: 22/26 MP: 1/1
   778 | D:1      | Reached skill level 4 in Maces & Flails
   984 | D:2      | Reached XP level 3. HP: 31/31 MP: 2/2
  1120 | D:2      | Reached ** piety under Trog
  1263 | D:2      | Reached skill level 5 in Maces & Flails
  1272 | D:2      | Reached XP level 4. HP: 39/39 MP: 3/3
  1627 | D:2      | Reached skill level 6 in Maces & Flails
  1878 | D:2      | Reached *** piety under Trog
  1879 | D:2      | Reached XP level 5. HP: 28/45 MP: 4/4
  2141 | D:3      | Reached skill level 7 in Maces & Flails
  2732 | D:3      | Found a stormy altar of Qazlal.
  3023 | D:4      | Reached XP level 6. HP: 34/51 MP: 5/5
  3097 | D:4      | Noticed Menkaure
  3104 | D:4      | Killed Menkaure
  3105 | D:4      | Reached skill level 8 in Maces & Flails
  3346 | D:4      | Reached **** piety under Trog
  3411 | D:4      | Reached skill level 9 in Maces & Flails
  3411 | D:4      | Reached XP level 7. HP: 30/57 MP: 6/6
  3708 | D:4      | HP: 1/57 [gnoll/+0 whip (7)]
  3709 | D:4      | Slain by a gnoll

Illustrated notes

Levels and vault maps discovered:
D:1:      mushboom_english_gardens, layout_loops_corners,
          dreamdust_ecumenical_altar_drowned_temple
D:2:      minmay_diamond_boxcup, layout_loops_corners, minmay_ruptured
D:3:      layout_basic, lemuel_coloured_pillars_altar
D:4:      minmay_opposing_rooms, layout_basic, jmf_multi_god_temple,
          minmay_surrounded, uniq_menkaure

Skill      XL: |  1  2  3  4  5  6 |
---------------+-------------------+-----
Maces & Flails | 3 4 5 6 7 9 |  9.7
Fighting       | |  3.6
Armour         | |  3.6
Shields        | |  3.6

Action                   |  1- 3 |  4- 6 |  7- 9 || total
-------------------------+-------+-------+-------++-------
Melee: Flail             |    64 |   174 |    40 ||   278
       Headbutt          |     9 |    25 |     9 ||    43
Invok: Berserk           |       |     1 |       ||     1
       Trog's Hand       |       |       |     2 ||     2
  Use: Scroll            |       |       |     1 ||     1
Armor: Scale mail        |    25 |    76 |    16 ||   117
Dodge: Dodged            |    25 |    49 |    18 ||    92
Block: Buckler           |    10 |     1 |       ||    11
       Tower shield      |       |   139 |    62 ||   201

Table legend: (Time is in decaauts)
 A = Elapsed time spent in this place.
 B = Non-inter-level travel time spent in this place.
 C = Inter-level travel time spent in this place.
 D = Time resting spent in this place.
 E = Time spent auto-exploring this place.
 F = Levels seen in this place.
 G = Mean time per level.
                   A        B        C        D        E       F      G
               +--------+--------+--------+--------+--------+-----+--------+
         Total |   3827 |   3690 |    137 |      2 |   2857 |   4 |  956.8 |
       Dungeon |   3827 |   3690 |    137 |      2 |   2857 |   4 |  956.8 |
               +--------+--------+--------+--------+--------+-----+--------+

Top non-repeatable levels by time:
     D:2: 1249 daAuts
     D:1: 933 daAuts
     D:3: 834 daAuts
     D:4: 808 daAuts
